Map: Terraform LE (Void)

Players

Formortiis

  • Race: Zerg Zerg
  • League: Gold

CunningStunt - Winner!

  • Race: Protoss Protoss
  • League: Gold

VOD

Have the link to the VOD?

Description

Time

  • Played on: Sept. 8, 2015, 10:35 p.m.
  • Length: 8:38
Show
View Real Time Build Order
Export as new Build Order

Formortiis Zerg 

Build Orders: Hatch First 

Get SALT Encoding   

  12  0:01  Drone  
  13  0:09  Drone  
  14  0:16  Extractor  
  14  0:17  Drone  
  14  0:20  Extractor  
  13  0:21  Drone  
  16  0:45  Hatchery  
  15  0:51  Overlord  
  15  1:08  Spawning Pool  
  15  1:10  Drone  
  15  1:14  Drone  
  15  1:18  Drone  
  17  1:23  Drone  
  18  1:34  Drone  
  19  1:43  Drone  
  20  1:53  Overlord  
  20  1:59  Queen  
  20  2:00  Queen  
  24  2:02  Extractor  
  24  2:23  Hatchery  
  24  2:28  Drone  
  24  2:29  Drone x2  
  26  2:30  Drone  
  28  2:37  Zergling x4  
  28  2:40  Drone  
  28  2:41  Drone  
  31  2:51  Queen  
  31  2:54  Queen  
  31  2:57  Drone  
  36  3:02  Overlord  
  36  3:09  Overlord  
  36  3:10  Overlord  
  36  3:14  Overlord  
  36  3:21  Drone x3  
  36  3:22  Drone  
  36  3:23  Drone  
  41  3:37  Drone x4  
  45  3:42  Drone x2  
  45  3:43  Drone x4  
  45  3:46  Drone  
  52  3:48  Extractor  
  52  3:50  Extractor x2  
  52  3:51  Extractor  
  52  3:55  Roach Warren  
  47  3:58  Drone  
  47  3:59  Evolution Chamber  
  47  4:00  Drone  
  50  4:02  Drone  
  50  4:03  Drone x2  
  52  4:24  Drone x5  
  52  4:25  Drone  
  52  4:28  Overlord x2  
  58  4:36  Overlord  
  58  4:47  Roach  
  58  4:48  Roach x9  
  78  4:58  Lair  
  78  4:59  Roach  
  78  5:00  Roach x2  
  82  5:11  Roach x4  
  90  5:33  Overlord x3  
  90  5:42  Overlord x2  
  90  5:44  Evolution Chamber  
  89  5:54  Roach  
  89  5:55  Roach x9  
  109  6:05  Spire  
  109  6:07  Roach  
  109  6:08  Roach x6  
  118  6:16  Queen  
  111  6:28  Roach  
  111  6:29  Roach x5  
  113  6:36  Roach  
  113  6:37  Roach x3  
  111  6:45  Drone  
  111  6:46  Drone x2  
  112  6:51  Drone  
  109  7:16  Roach  
  109  7:17  Roach x8  
  107  7:32  Drone x4  
  107  7:33  Drone x5  
  98  7:41  Mutalisk  
  98  7:42  Mutalisk  
  90  7:57  Mutalisk  
  90  7:58  Mutalisk x4  
  82  8:06  Roach x2  
  82  8:07  Roach x3  
Show
View Real Time Build Order
Export as new Build Order

CunningStunt Protoss - Winner!

Build Orders: 1 Gate Expand 

Get SALT Encoding   

  12  0:00  Probe (Chrono Boost)  
  13  0:10  Probe (Chrono Boost)  
  14  0:18  Pylon  
  14  0:21  Probe (Chrono Boost)  
  15  0:35  Probe (Chrono Boost)  
  15  0:40  Gateway  
  16  0:46  Probe (Chrono Boost)  
  17  0:56  Probe (Chrono Boost)  
  18  1:06  Probe (Chrono Boost)  
  19  1:19  Nexus  
  19  1:26  Pylon  
  19  1:28  Probe (Chrono Boost)  
  20  1:39  Cybernetics Core  
  20  1:41  Probe (Chrono Boost)  
  21  1:49  Assimilator  
  21  1:51  Assimilator  
  21  1:53  Probe (Chrono Boost)  
  22  2:03  Probe (Chrono Boost)  
  22  2:05  Zealot  
  25  2:13  Probe (Chrono Boost)  
  26  2:23  Probe (Chrono Boost)  
  27  2:34  Probe (Chrono Boost)  
  28  2:38  Assimilator  
  28  2:43  Gateway  
  28  2:44  Gateway, Probe x2 (Chrono Boost)  
  30  2:52  Stalker  
  30  2:54  Probe (Chrono Boost)  
  30  2:57  Probe (Chrono Boost)  
  34  3:04  Probe (Chrono Boost), Warp Gate (Chrono Boost)  
  35  3:16  Robotics Facility  
  35  3:17  Probe x2 (Chrono Boost)  
  37  3:27  Probe (Chrono Boost)  
  37  3:32  Probe (Chrono Boost)  
  39  3:37  Probe (Chrono Boost)  
  40  3:42  Mothership Core (Chrono Boost)  
  40  3:44  Gateway  
  40  3:47  Probe (Chrono Boost)  
  43  3:57  Probe (Chrono Boost)  
  43  3:59  Assimilator  
  43  4:00  Probe (Chrono Boost)  
  43  4:01  Pylon  
  45  4:07  Probe (Chrono Boost)  
  46  4:16  Pylon  
  46  4:18  Probe (Chrono Boost)  
  46  4:19  Warp Prism  
  46  4:24  Probe  
  50  4:41  Probe  
  50  4:43  Probe  
  52  4:51  Probe  
  52  4:55  Probe  
  58  5:15  Gateway  
  58  5:18  Pylon  
  58  5:21  Pylon  
  58  5:22  Gateway  
  58  5:23  Gateway  
  58  5:27  Gateway  
  54  5:36  Zealot x2  
  58  5:47  Immortal (Chrono Boost)  
  58  5:49  Probe  
  62  5:51  Probe  
  62  5:53  Pylon  
  64  6:00  Stalker x3  
  64  6:01  Stalker  
  72  6:24  Stalker x2  
  76  6:25  Stalker  
  76  6:34  Stalker  
  76  6:37  Immortal (Chrono Boost)  
  80  6:44  Forge  
  80  6:45  Forge  
  72  6:47  Twilight Council  
  72  7:10  Immortal (Chrono Boost)  
  76  7:17  Stalker x3  
  76  7:18  Stalker x2  
  80  7:49  Stalker  
  84  7:54  Pylon x2  
  84  7:55  Pylon  
  76  8:00  Stalker x2  
  76  8:01  Stalker x4  
  82  8:16  Stalker x2  
  86  8:21  Nexus  
  86  8:24  Pylon  
  86  8:25  Stalker, Pylon  
  86  8:26  Stalker x5  
  98  8:29  Pylon  
  98  8:32  Pylon  
Tags
 
Add a new tag
Caveats
  • Supply blocks, unpowered buildings, or Contaminate may cause inaccurate times.
  • Supply counts are checked every 10 seconds.